 Dungeon Crawl Stone Soup version 0.31-a0-152-g6aa68a64a1 (webtiles) character file.

Game seed: 5797229009201927140

1090 qw the Chopper (level 8, -8/49 HPs)
             Began as a Gargoyle Fighter on June 11, 2023.
             Killed by divine providence
             ... invoked by an orc priest
              (16 damage)
             ... on level 5 of the Dungeon.
             The game lasted 00:01:39 (4154 turns).

qw the Chopper (Gargoyle Fighter)                   Turns: 4154, Time: 00:01:40

Health: -8/49      AC: 17    Str: 28    XL:     8   Next: 31%
Magic:  8/8        EV:  7    Int:  9    God:
Gold:   253        SH:  4    Dex:  9    Spells: 7/7 levels left

rFire   . . .        Y - +0 war axe
rCold   . . .        c - +0 buckler
rNeg    + . .        m - +0 plate armour
rPois   inf          (no helmet)
rElec   +            (no cloak)
rCorr   .            (no gloves)
SInv    .            (no boots)
Will    .....        e - amulet of the acrobat Stlth
                     f - +6 ring of strength
HPRegen 0.28/turn    (no ring)
MPRegen 0.11/turn

%: acrobat
@: about to teleport, slowed, very slow
A: sickness immunity, AC +5, negative energy resistance 1, electricity
resistance, torment resistance 1, petrification resistance
a: no special abilities


You were on level 5 of the Dungeon.
You visited 2 branches of the dungeon, and saw 6 of its levels.

You collected 253 gold pieces.


Innate Abilities, Weirdness & Mutations

You are immune to sickness and miasma.
Your stone body is resilient. (AC +5)
You are immune to poison.
You resist negative energy. (rN+)
You are resistant to electric shocks. (rElec)
You are resistant to unholy torment.
You are immune to petrification.


   Skills:
 - Level 5.1 Fighting
 + Level 7.5 Axes
 - Level 1.0 Throwing
 - Level 4.0 Armour
 - Level 1.8 Dodging
 - Level 3.2 Shields


You had 7 spell levels left.
You didn't know any spells.
Your spell library was empty.

Inventory:

Hand Weapons
 p - a +0 morningstar
 Y - a +0 war axe (weapon)
Missiles
 j - 3 boomerangs (quivered)
Armour
 c - a +0 buckler (worn)
 m - a +0 plate armour (worn)
Jewellery
 e - an amulet of the acrobat (around neck)
 f - a +6 ring of strength (left hand)
Scrolls
 b - a scroll of magic mapping {unknown}
 g - a scroll of identify
Potions
 d - 3 potions of might
 h - a potion of resistance
 l - a potion of attraction
 n - a potion of berserk rage {unknown}
 o - a potion of lignification {unknown}
 r - a potion of curing

Dungeon Overview and Level Annotations

Branches:
Dungeon (5/15)             Temple (1/1) D:5

Altars:
Ashenzari
Fedhas
Gozag
Hepliaklqana
Makhleb
Nemelex Xobeh
Sif Muna
Trog
Vehumet
Wu Jian
Yredelemnul
Zin
The Shining One

Shops:
D:3 [

Annotations:
D:3 1 runed translucent door, Crazy Yiuf


Message History

The wraith hits you! The wraith drains your vigour!
You feel as though you will be slow longer.
The scorpion barely misses you.
You slash the wraith!
The wraith is moderately damaged.
You closely miss the scorpion. You slash the orc!
You kill the orc!
The scorpion stings you but does no damage.
An orc priest comes into view. It is wielding a +0 trident.
The wraith barely misses you. The scorpion completely misses you.
The wraith hits you but does no damage.
You barely miss the wraith.
The wraith is moderately damaged.
The orc priest shouts!
You hit the scorpion.
You hear a shout!
The scorpion stings you. The wraith hits you. The wraith drains your vigour!
You feel as though you will be slow longer.
The scorpion stings you but does no damage.
You hit the wraith but do no damage.
The wraith is moderately damaged.
You hit the scorpion.
An orc comes into view. It is wielding a +0 club.
The wraith completely misses you. The scorpion barely misses you.
The wraith hits you.
The scorpion stings you but does no damage.
You hit the scorpion but do no damage.
The scorpion is heavily wounded.
You closely miss the wraith. The scorpion barely misses you.
The orc priest invokes the aid of Beogh against you.
Beogh smites you! The wraith barely misses you.
You block the scorpion's attack. The wraith hits you but does no damage.
4154 ||| READING scroll of teleportation.
As you read the scroll of teleportation, it crumbles to dust.
You feel strangely unstable. The scorpion barely misses you.
The orc priest invokes the aid of Beogh against you.
Beogh smites you!
You die...

...# #.. .# ##.# # .. .. #.#
.### #. ##. #.# ... #.## ..
##.# ... ..##.# #..#
#.####.#..# #.## #.##[....##
#.# #.#.}...}.# #.#
#..@).[....# #.#
###.%sW.<...}...# #.#
#......o......... #.##
##.###.}.o.}......
%..########..# #............
.............# #....'.......
...#########.....##...).....
#.## ###......##'# #.# ...##
#


You could see a wraith, a scorpion, an orc priest and an orc.

Vanquished Creatures
  Sigmund (D:4)
  A water moccasin (D:5)
  2 black bears (D:5)
  A centaur (D:5)
  A kobold brigand (D:4)
  A scorpion (D:4)
  A crimson imp (D:5)
  A jelly (D:5)
  4 hounds
  9 adders
  8 gnolls
  A shadow imp (D:4)
  A dart slug (D:1)
  9 orcs
  5 ball pythons
  5 endoplasms
  A giant cockroach (D:2)
  7 goblins
  9 hobgoblins
  4 jackals (D:5)
  2 kobolds (D:3)
  A quokka (D:2)
  4 bats
  4 frilled lizards
  5 rats
88 creatures vanquished.

Notes
Turn   | Place    | Note
-------+----------+-------------------------------------------
     0 | D:1      | qw the Gargoyle Fighter began the quest for the Orb.
     0 | D:1      | Reached XP level 1. HP: 14/14 MP: 1/1
     0 | D:1      | 0 ||| qw: Version: 0.2-a-29-gdad1ea2
     0 | D:1      | 0 ||| qw: Game counter: 4051
     0 | D:1      | 0 ||| qw: Always use a shield: true
     0 | D:1      | 0 ||| qw: God list: Okawaru
     0 | D:1      | 0 ||| qw: Allow faded altars: false
     0 | D:1      | 0 ||| qw: Do Orc after D:15 true
     0 | D:1      | 0 ||| qw: Do second Lair branch before Depths: true
     0 | D:1      | 0 ||| qw: Lair rune preference: random
     0 | D:1      | 0 ||| qw: Plans: Normal, Zot:1-4, Slime:5, God:TSO, Crypt,
                  | Tomb, Abyss, Pan, Hells, Win
     0 | D:1      | 0 ||| PLANNING D:1-11
    18 | D:1      | Reached skill level 2 in Axes
   125 | D:1      | Reached XP level 2. HP: 13/19 MP: 2/2
   167 | D:1      | 167 ||| Stepping ~*~*~tactically~*~*~ (stealth).
   744 | D:1      | 744 ||| UPGRADING to amulet of the acrobat.
   749 | D:1      | 749 ||| READING 2 scrolls labelled FIUGOE YPLAOF.
   752 | D:1      | 752 ||| READING 2 scrolls labelled GUHIAXTOAMM.
   753 | D:1      | 753 ||| READING scroll labelled FEOBLA UFUY.
   754 | D:1      | 754 ||| READING scroll labelled PIGAUL HOAJU.
   755 | D:1      | 755 ||| READING scroll labelled CATIUW SESYRPHA.
   843 | D:2      | Reached skill level 3 in Axes
   847 | D:2      | Reached XP level 3. HP: 23/23 MP: 3/3
   940 | D:2      | 940 ||| DROPPING +0 whip.
   969 | D:2      | Reached XP level 4. HP: 18/28 MP: 4/4
  1171 | D:2      | Found a faded altar of an unknown god.
  1447 | D:2      | 1447 ||| Stepping ~*~*~tactically~*~*~ (stealth).
  1452 | D:2      | Reached skill level 1 in Throwing
  1456 | D:2      | 1456 ||| FLEEEEING.
  1457 | D:2      | 1457 ||| FLEEEEING.
  1458 | D:2      | 1458 ||| FLEEEEING.
  1461 | D:2      | 1461 ||| FLEEEEING.
  1462 | D:2      | 1462 ||| FLEEEEING.
  1463 | D:2      | 1463 ||| FLEEEEING.
  1464 | D:2      | 1464 ||| FLEEEEING.
  1466 | D:2      | 1466 ||| FLEEEEING.
  1467 | D:2      | 1467 ||| FLEEEEING.
  1470 | D:2      | 1470 ||| FLEEEEING.
  1471 | D:2      | 1471 ||| FLEEEEING.
  1533 | D:2      | 1533 ||| UPGRADING to +6 ring of strength.
  1534 | D:2      | 1534 ||| READING scroll labelled HAHIVA JYLO.
  1535 | D:2      | 1535 ||| READING 2 scrolls of identify.
  1535 | D:2      | 1535 ||| IDENTIFYING cyan potion
  1560 | D:3      | Reached skill level 4 in Axes
  1789 | D:3      | 1789 ||| Stepping ~*~*~tactically~*~*~ (stealth).
  1796 | D:3      | Reached XP level 5. HP: 32/32 MP: 5/5
  1809 | D:3      | 1809 ||| DROPPING +0 flail.
  1988 | D:3      | Found Nien's Armour Shoppe.
  2313 | D:3      | Found a runed translucent door.
  2314 | D:3      | Noticed Crazy Yiuf
  2317 | D:3      | 2317 ||| UPGRADING to +0 plate armour.
  2327 | D:3      | 2327 ||| DROPPING +0 scale mail.
  2328 | D:3      | 2328 ||| READING scroll labelled JUQ OMOXKURCH.
  2329 | D:3      | 2329 ||| READING 2 scrolls of identify.
  2329 | D:3      | 2329 ||| IDENTIFYING smoky silvery potion
  2330 | D:3      | 2330 ||| DROPPING potion of brilliance.
  2441 | D:4      | Noticed a kobold brigand
  2454 | D:4      | Killed a kobold brigand
  2455 | D:4      | Reached skill level 5 in Axes
  2667 | D:4      | Reached XP level 6. HP: 38/38 MP: 6/6
  2739 | D:4      | Noticed Sigmund
  2753 | D:4      | Killed Sigmund
  2754 | D:4      | Reached skill level 6 in Axes
  2754 | D:4      | Reached XP level 7. HP: 34/44 MP: 7/7
  2933 | D:4      | 2933 ||| READING scroll labelled KEOCURI BOLUI.
  2934 | D:4      | 2934 ||| READING scroll labelled ZIWAKE UMEA.
  2935 | D:4      | 2935 ||| DRINKING 2 fizzy cyan potions.
  2936 | D:4      | 2936 ||| READING 2 scrolls of identify.
  2936 | D:4      | 2936 ||| IDENTIFYING fizzy coppery potion
  2943 | D:5      | Entered Level 5 of the Dungeon
  2975 | D:5      | Reached skill level 1 in Dodging
  3190 | D:5      | 3190 ||| Stepping ~*~*~tactically~*~*~ (hiding).
  3199 | D:5      | 3199 ||| Stepping ~*~*~tactically~*~*~ (stealth).
  3228 | D:5      | HP: 5/44 [gnoll sergeant/+7 trident of venom (7)]
  3229 | D:5      | 3229 ||| READING 3 scrolls of teleportation.
  3230 | D:5      | 3230 ||| DRINKING potion of heal wounds.
  3233 | D:5      | 3233 ||| READING 2 scrolls of teleportation.
  3234 | D:5      | HP: 6/44 [hound (2)]
  3237 | D:5      | 3237 ||| STAIRDANCE
  3403 | D:5      | Reached skill level 7 in Axes
  3404 | D:5      | Reached XP level 8. HP: 41/48 MP: 8/8
  3427 | D:5      | 3427 ||| FLEEEEING.
  3428 | D:5      | 3428 ||| FLEEEEING.
  3431 | D:5      | 3431 ||| FLEEEEING.
  3432 | D:5      | 3432 ||| FLEEEEING.
  3433 | D:5      | 3433 ||| FLEEEEING.
  3434 | D:5      | 3434 ||| FLEEEEING.
  3435 | D:5      | 3435 ||| FLEEEEING.
  3436 | D:5      | 3436 ||| FLEEEEING.
  3437 | D:5      | 3437 ||| STAIRDANCE
  3624 | D:5      | Found a bloodstained altar of Trog.
  3663 | D:5      | Found a burning altar of Makhleb.
  3718 | D:5      | Found a staircase to the Ecumenical Temple.
  3719 | D:5      | 3719 ||| PLANNING TEMPLE
  3727 | Temple   | Entered the Ecumenical Temple
  3897 | Temple   | 3897 ||| PLANNING D:1-11
  3993 | D:5      | 3993 ||| Stepping ~*~*~tactically~*~*~ (stealth).
  4136 | D:5      | Noticed a wraith
  4153 | D:5      | HP: 8/49 [orc priest/divine providence (11)]
  4154 | D:5      | 4154 ||| READING scroll of teleportation.
  4154 | D:5      | Killed from afar by an orc priest

Levels and vault maps discovered:
D:1:      dpeg_arrival_tiny_a, layout_basic, minmay_tetromino_t4
D:2:      minmay_diamond_boxcup, layout_basic,
          hellmonk_ecumenical_altar_slurped_away, minmay_split_cup_large
D:3:      layout_basic, serial_shops, nicolae_shop_hallway_plus,
          kennysheep_crisscross, uniq_crazy_yiuf_cottage
D:4:      layout_cave_pools, uniq_sigmund
D:5:      layout_loops_corners, general_overflow_altar, makhleb_grotto_becter,
          trog_ov_bears_minmay, minmay_temple_entry_mist, grunt_ministairs_2,
          minmay_divided_ellipse
Temple:   bh_familiar_temple

Skill      XL: |  1  2  3  4  5  6  7  8 |
---------------+-------------------------+-----
Axes           | 2 3 4 5 6 7 |  7.5
Throwing       | 1 |  1.0
Fighting       | 4 5 |  5.1
Dodging        | 1 |  1.8
Armour         | 4 |  4.0
Shields        | |  3.2

Action                     |  1- 3 |  4- 6 |  7- 9 || total
---------------------------+-------+-------+-------++-------
  Melee: War axe           |    55 |    70 |   103 ||   228
  Throw: Boomerang         |     9 |    12 |    24 ||    45
         Javelin           |       |    40 |     1 ||    41
    Use: Scroll            |     5 |     4 |     6 ||    15
         Potion            |       |       |     2 ||     2
 Armour: Scale mail        |    23 |    24 |       ||    47
         Plate armour      |       |    14 |    92 ||   106
  Dodge: Dodged            |    31 |    41 |    58 ||   130
  Block: Buckler           |     7 |    13 |    21 ||    41

Table legend:
 A = Non-vault XP
 B = Vault XP
 C = Vault XP percentage of total XP
 D = Non-vault monster count
 E = Vault monster count
 F = Vault count percentage of total count
                 A         B        C        D         E       F
            +---------+---------+-------+---------+---------+-------
      Total |     866 |     692 |  44.4 |      61 |      27 |  30.7
            +---------+---------+-------+---------+---------+-------
        D:1 |      23 |       3 |  11.5 |      12 |       2 |  14.3
        D:2 |      61 |      35 |  36.5 |       6 |      15 |  71.4
        D:3 |      67 |       0 |   0.0 |      17 |       0 |   0.0
        D:4 |     289 |     243 |  45.7 |      11 |       1 |   8.3
        D:5 |     426 |     411 |  49.1 |      15 |       9 |  37.5
            +---------+---------+-------+---------+---------+-------
